 Dungeon Crawl Stone Soup version 0.22.0-75-g3901e79 (webtiles) character file.

121 inc the Conjurer (level 4, -2/30 HPs)
             Began as a Mummy Fire Elementalist on Sept 12, 2018.
             Killed from afar by a hobgoblin (12 damage)
             ... with a wand of flame (44)
             ... on level 3 of the Dungeon.
             The game lasted 00:03:14 (2564 turns).

inc the Conjurer (Mummy Fire Elementalist)          Turns: 2564, Time: 00:03:15

Health: -2/30      AC:  3    Str: 11    XL:     4   Next: 76%
Magic:  6/8        EV: 12    Int: 15    God:
Gold:   106        SH:  0    Dex: 12    Spells: 7/8 levels left

rFire    x . .     SeeInvis .   g - +0 rapier
rCold    + . .     Gourm    .   (no shield)
rNeg     + + +     Faith    .   a - +0 robe
rPois    ∞         Spirit   .   (no helmet)
rElec    .         Reflect  .   (no cloak)
rCorr    .         Harm     .   (no gloves)
MR       .....                  f - +0 pair of boots
Stlth    ++........             (no amulet)
HPRegen  0.10/turn              (no ring)
MPRegen  0.11/turn              (no ring)

@: very slightly contaminated
A: no food or potions, fire vulnerability, cold resistance 1, negative energy
resistance 3, torment resistance, unbreathing
a: no special abilities


You were on level 3 of the Dungeon.
You were not hungry.

You visited 1 branch of the dungeon, and saw 3 of its levels.

You collected 106 gold pieces.

Inventory:

Hand Weapons
 b - a +0 dagger
 g - a +0 rapier (weapon)
Armour
 a - a +0 robe (worn)
 f - a +0 pair of boots (worn)
Scrolls
 c - a scroll of identify
 d - 3 scrolls of remove curse
 e - a scroll of blinking {unknown}
 h - a scroll of enchant armour {unknown}


   Skills:
 - Level 1.5 Dodging
 - Level 1.5 Stealth
 + Level 2.9 Spellcasting
 + Level 3.6 Conjurations
 + Level 2.5 Fire Magic


You had 7 spell levels left.
You knew the following spells:

 Your Spells              Type           Power        Failure   Level  Hunger
a - Flame Tongue          Conj/Fire      ##...        5%          1    N/A

Your spell library contained the following spells:

 Spells                   Type           Power        Failure   Level  Hunger
 Throw Flame              Conj/Fire      ##....       9%          2    N/A
 Conjure Flame            Conj/Fire      ##......     17%         3    N/A
 Inner Flame              Hex/Fire       #.......     34%         3    N/A
 Sticky Flame             Conj/Fire      ##......     50%         4    N/A
 Fireball                 Conj/Fire      ##........   83%         5    N/A

Dungeon Overview and Level Annotations

Branches:
Dungeon (3/15)

Altars:
Makhleb
Xom


Innate Abilities, Weirdness & Mutations

You do not eat or drink.
Your flesh is vulnerable to fire.
You are immune to poison.
Your flesh is cold resistant. (rC+)
You are immune to negative energy. (rN+++)
You are immune to unholy pain and torment.
You can survive without breathing.


Message History

Confirm with . or Enter, or press ? or * to list all spells.
Aiming: Flame Tongue (safe; 5% risk of failure)
Press: ? - help, Shift-Dir - straight line, f/p - hobgoblin
Aim: a hobgoblin, wielding a club The flame tongue hits the hobgoblin.
The hobgoblin is almost dead.
The goblin shoots a stone.
The stone barely misses you.
The goblin shoots a stone.
The stone hits you!
The hobgoblin zaps a wand.
The puff of flame misses you.
It is a wand of flame (45).
A goblin comes into view.
It is wielding an enchanted hunting sling.
The goblin shoots a stone.
The stone hits you.
The goblin shoots a stone.
The stone barely misses you.
The hobgoblin zaps a wand.
The puff of flame hits you! The fire burns you terribly!
The goblin shoots a stone.
The stone barely misses you.
You see here 2 stones.
The goblin shoots a stone.
The stone barely misses you.
The hobgoblin zaps a wand.
The puff of flame hits you! The fire burns you terribly!
You die...

#########################
###≈≈≈≈≈≈≈≈≈≈≈≈≈≈≈≈≈≈≈≈≈≈≈.
≈≈≈≈≈≈≈≈≈≈≈≈≈≈≈≈≈≈≈≈≈≈≈≈g≈.
≈≈≈≈≈≈≈≈≈≈≈≈≈≈≈≈≈≈≈≈≈≈g≈g≈.
≈≈≈≈≈≈≈≈.≈≈.≈≈≈≈≈≈≈≈≈≈.≈≈≈.
.....)...............g.g.g.
.).................(..[....
#..>..).....[...@.(........
....####################.##
#...########### ###.#.
#.............. ......
#..####...#### ..... ...#
#.....# #... ...# ###...#
... ... #...# #. ... #...#
#.


You could see a hobgoblin and 2 goblins.

Vanquished Creatures
  A hound (D:2)
  3 adders
  An ooze (D:1)
  2 worms (D:2)
  An orc (D:3)
  4 bats
  4 giant cockroaches
  10 goblins
  9 hobgoblins
  3 jackals (D:1)
  2 frilled lizards
  4 kobolds
  8 rats
52 creatures vanquished.

Notes
Turn   | Place    | Note
-------+----------+-------------------------------------------
     0 | D:1      | inc the Mummy Fire Elementalist began the quest for the
                  | Orb.
     0 | D:1      | Reached XP level 1. HP: 13/13 MP: 4/4
    14 | D:1      | Reached skill level 1 in Conjurations
   156 | D:1      | Reached XP level 2. HP: 12/19 MP: 0/5
   339 | D:1      | Reached skill level 2 in Conjurations
  1084 | D:2      | Found a burning altar of Makhleb.
  1086 | D:2      | Found a shimmering altar of Xom.
  1115 | D:2      | Reached XP level 3. HP: 12/24 MP: 0/7
  1589 | D:2      | Reached skill level 3 in Conjurations
  1830 | D:2      | Found a burning altar of Makhleb.
  1836 | D:2      | Reached XP level 4. HP: 22/30 MP: 1/8
  2564 | D:3      | Killed from afar by a hobgoblin

Skill      XL: |  1  2  3 |
---------------+----------+-----
Conjurations   | 1 2 3 |  3.6
Dodging        | |  1.5
Stealth        | |  1.5
Spellcasting   | |  2.9
Fire Magic     | |  2.5

Action                   |  1- 3 |  4- 6 || total
-------------------------+-------+-------++-------
Melee: Dagger            |    24 |       ||    24
 Cast: Flame Tongue      |    77 |    24 ||   101
  Use: Scroll            |     1 |     2 ||     3
Armor: Robe              |     6 |     1 ||     7
Dodge: Dodged            |    38 |    15 ||    53
